 Dungeon Crawl Stone Soup version 0.29.1-1-gd02db6906a (webtiles) character file.

Game seed: 2102066806454787160

9 Sanktem7 the Trooper (level 2, -1/27 HPs)
             Began as a Minotaur Fighter on Oct 2, 2022.
             Succumbed to a goblin's poison
             ... on level 1 of the Dungeon.
             The game lasted 00:00:26 (240 turns).

Sanktem7 the Trooper (Minotaur Fighter)              Turns: 240, Time: 00:00:27

Health: -1/27      AC:  6    Str: 20    XL:     2   Next: 6%
Magic:  1/1        EV:  9    Int:  5    God:
Gold:   11         SH:  4    Dex:  9    Spells: 1/1 levels left

rFire   . . .      SeeInvis .   a - +0 war axe {axe}
rCold   . . .      Faith    .   c - +0 buckler
rNeg    . . .      Spirit   .   b - +0 scale mail
rPois   .          Reflect  .   (helmet restricted)
rElec   .          Harm     .   (no cloak)
rCorr   .          Rampage  .   (no gloves)
Will    .....                   (no boots)
Stlth   ..........              (no amulet)
HPRegen 0.09/turn               (no ring)
MPRegen 0.07/turn               (no ring)

@: lethally poisoned (-1 -> -7)
A: horns 2, retaliatory headbutt
a: no special abilities


You were on level 1 of the Dungeon.
You visited 1 branch of the dungeon, and saw 1 of its levels.

You collected 11 gold pieces.


Innate Abilities, Weirdness & Mutations

You have a pair of horns on your head.
You reflexively headbutt those who attack you in melee.


   Skills:
 * Level 4.0 Fighting
 * Level 3.0 Axes
 - Level 3.6 Armour
 - Level 3.6 Shields


You had one spell level left.
You didn't know any spells.
Your spell library was empty.

Inventory:

Hand Weapons
 a - a +0 war axe (weapon) {axe}
Armour
 b - a +0 scale mail (worn)
 c - a +0 buckler (worn)
 e - a +0 pair of gloves
   (You found it on level 1 of the Dungeon)
Jewellery
 f - a ring of poison resistance
   (You found it on level 1 of the Dungeon)
Potions
 d - a potion of might

Dungeon Overview and Level Annotations

Branches:
Dungeon (1/15) Zot: 5752

Altars:

.........
#......####
#.........
#.......##########
#.................
.........>#####..#
#...†.†..........#
#.#.###.#.######.#
#.....#.#...)...@#
#.....#.#.########
##....#.#..
......#.#.#
#######.#.. ....
..#.# #... #.#.#
.... #. #...


There were no monsters in sight!


Message History

A rat is nearby!
The rat bites you. 😕 HP[-1]
You take 1 damage, and now have 19/20 hp.
You hit the rat.
You kill the rat!
No target in view!
No target in view!
No target in view!
No target in view!
No target in view!
No target in view!
No target in view!
No target in view!
No target in view!
No target in view!
No target in view!
No target in view!
f - a ring of poison resistance 😎 HP[+1]
Your hp is fully restored (20).
An endoplasm comes into view.
The endoplasm moves out of view.
An endoplasm is nearby!
A frilled lizard comes into view.
Found a stone staircase leading down.
A dart slug comes into view.
The endoplasm hits you but does no damage.
You hit the endoplasm. You block the endoplasm's attack.
You hit the endoplasm.
You kill the endoplasm!
You slash the frilled lizard!
You kill the frilled lizard!
The dart slug launches a dart at you. The slug dart misses you.
You see here a frilled lizard corpse.
You slash the dart slug! The dart slug bites you. 😕 HP[-2]
You take 2 damage, and now have 18/20 hp.
You hit the dart slug. You block the dart slug's attack.
You slash the dart slug!
You kill the dart slug!
Your Fighting skill increases to level 4!
You have reached level 2! 😕 HP[+7] MP[+1]
You now have 27 max hp (+7).
You regained 7 hp, and now have 25/27 hp.
Your mp is fully restored (1).
You see here a dart slug corpse.
A goblin comes into view. It is wielding a +1 dagger of venom.
The goblin shouts! 😎 HP[+2]
Your hp is fully restored (27).
A goblin is nearby!
You hit the goblin but do no damage. The goblin hits you but does no damage.
You are poisoned.
The goblin hits you with a +1 dagger of venom.
You are more poisoned. 😕 HP[-1]
You take 1 damage, and now have 26/27 hp.
You barely miss the goblin.
You feel very sick.
The goblin hits you with a +1 dagger of venom. 😮 HP[-6]
You take 6 damage, and now have 20/27 hp.
MASSIVE DAMAGE!! (PAUSE)
You closely miss the goblin.
You feel very sick.
The goblin hits you with a +1 dagger of venom.
You are lethally poisoned! 😮 HP[-6]
You take 6 damage, and now have 14/27 hp.
MASSIVE DAMAGE!! (PAUSE)
You barely miss the goblin. You headbutt the goblin.
* * * LOW HITPOINT WARNING * * *
You feel very sick. The goblin barely misses you. You furiously retaliate!
You headbutt the goblin!
You kill the goblin!
Your Axes skill increases to level 3! 😨 HP[-4]
You take 4 damage, and now have 10/27 hp.
* * * LOW HITPOINT WARNING * * *
You feel very sick.
Things that are here:
a +1 dagger of venom {short}; a goblin corpse 😨 HP[-3]
You take 3 damage, and now have 7/27 hp.
* * * LOW HITPOINT WARNING * * *
You feel very sick. 😱 HP[-3]
You take 3 damage, and now have 4/27 hp.
* * * LOW HITPOINT WARNING * * *
You feel sick. 😱 HP[-2]
You take 2 damage, and now have 2/27 hp.
* * * LOW HITPOINT WARNING * * *
You feel sick. 😱 HP[-1]
You take 1 damage, and now have 1/27 hp.
You die...

Skill      XL: |  1  2 |
---------------+-------+-----
Fighting       | 4 |  4.0
Axes           | 3 |  3.0
Armour         | |  3.6
Shields        | |  3.6

Action                   || total
-------------------------++-------
Melee: War axe           ||    18
       Headbutt          ||     1
Armor: Scale mail        ||     4
Dodge: Dodged            ||     7
Block: Buckler           ||     3

Levels and vault maps discovered:
D:1:      onia_arrival_mini_maze, layout_basic,
          ebering_ecumenical_altar_petrified

Notes
Turn   | Place    | Note
-------+----------+-------------------------------------------
     0 | D:1      | Sanktem7 the Minotaur Fighter began the quest for the Orb.
     0 | D:1      | Reached XP level 1. HP: 19/19 MP: 0/0
     0 | D:1      | magus.rc [v1.9.6]
   205 | D:1      | Reached skill level 4 in Fighting
   205 | D:1      | Reached XP level 2. HP: 25/27 MP: 1/1
   236 | D:1      | Reached skill level 3 in Axes
   237 | D:1      | HP: 4/27 [poisoned by a goblin]
   239 | D:1      | HP: 1/27 [poisoned by a goblin]
   240 | D:1      | Succumbed to a goblin's poison

Vanquished Creatures
  A dart slug (D:1)
  An endoplasm (D:1)
  2 giant cockroaches (D:1)
  A goblin (D:1)
  A frilled lizard (D:1)
  A rat (D:1)
7 creatures vanquished.

Table legend:
 A = Non-vault XP
 B = Vault XP
 C = Vault XP percentage of total XP
 D = Non-vault monster count
 E = Vault monster count
 F = Vault count percentage of total count
                 A         B        C        D         E       F
            +---------+---------+-------+---------+---------+-------
      Total |      14 |       0 |   0.0 |       7 |       0 |   0.0
            +---------+---------+-------+---------+---------+-------
        D:1 |      14 |       0 |   0.0 |       7 |       0 |   0.0
            +---------+---------+-------+---------+---------+-------

Illustrated notes

Table legend:
 A = Kills in this place as a percentage of kills in entire the game.
 B = Kills by you in this place as a percentage of kills by you in the entire game.
 C = Kills by friends in this place as a percentage of kills by friends in the entire game.
 D = Other kills in this place as a percentage of other kills in the entire game.
 E = Experience gained in this place as a percentage of experience gained in the entire game.
 F = Experience gained in this place divided by the number of levels of this place that you have seen.
                   A       B       C       D       E      F
               +-------+-------+-------+-------+-------+----------------------
         Total | 100.0 | 100.0 |   N/A |   N/A | 100.0 |  14.0
       Dungeon | 100.0 | 100.0 |   N/A |   N/A | 100.0 |  14.0
               +-------+-------+-------+-------+-------+----------------------

Table legend: (Time is in decaauts)
 A = Elapsed time spent in this place.
 B = Non-inter-level travel time spent in this place.
 C = Inter-level travel time spent in this place.
 D = Time resting spent in this place.
 E = Time spent auto-exploring this place.
 F = Levels seen in this place.
 G = Mean time per level.
                   A        B        C        D        E       F      G
               +--------+--------+--------+--------+--------+-----+--------+
         Total |    247 |    247 |      0 |      0 |    197 |   1 |  247.0 |
       Dungeon |    247 |    247 |      0 |      0 |    197 |   1 |  247.0 |
               +--------+--------+--------+--------+--------+-----+--------+

Top non-repeatable levels by time:
     D:1: 247 daAuts
